AoeStats
← Luca Brazi

Arena

507397286Analyzed
4v4 RM · 13d ago on Sep 18, 2026· 47m 4s· 8 players
Game mode
Random Map
Map size
Large (8 player)
Population
200
Speed
Normal
Resources
Standard
Victory
Conquest
Starting age
Dark Age
Ending age
Imperial Age
RankedLock teamsTeams togetherTeam positionsShared explorationLock speedFull tech treeHidden civsTurbo modeCheats
Victory
Defeat
🇨🇴 Berbers · Colombia
924
+13
🇳🇱 Inca · Netherlands
912
+14
🇧🇬 Bulgarians · Bulgaria
899
+14
🇲🇽 Japanese · Mexico
792
+18
🇺🇸 Vikings · United States
885
-34
🇺🇸 Burgundians · United States
868
-15
🇮🇩 Portuguese · Indonesia
860
-15
🇺🇸 Bohemians · United States
813
-13
jwblsu
11:12 Feudal Age
10:17 Double-Bit Axe
10:14 Horse Collar
16:40 Castle Age
16:00 Bow Saw
16:00 Heavy Plow
20:12 Wheelbarrow
22:06 Wheelbarrow
21:29 Stone Mining
22:59 Stone Shaft Mining
23:50 Two-Man Saw
23:34 Crop Rotation
24:10 Gold Mining
25:18 Hand Cart
31:21 Imperial Age
29:31 Gold Shaft Mining
29:12 Burgundian Vineyards
29:16 Cavalier
29:57 Husbandry
32:14 Scale Barding Armor
32:19 Forging
32:37 Conscription
31:47 Paladin
34:04 Elite Coustillier
36:30 Chain Barding Armor
36:46 Iron Casting
40:50 Chemistry
40:11 Ballistics
39:32 Treadmill Crane
40:04 Masonry
40:56 Plate Barding Armor
41:22 Blast Furnace
40:23 Padded Archer Armor
berny762010
10:43 Feudal Age
11:18 Double-Bit Axe
15:21 Loom
18:38 Wheelbarrow
20:14 Castle Age
18:58 Forging
18:48 Scale Mail Armor
19:01 Horse Collar
19:53 Fletching
20:03 Padded Archer Armor
21:32 Wheelbarrow
20:30 Pikeman
21:34 Squires
21:38 Treadmill Crane
22:47 Bodkin Arrow
24:08 Ballistics
24:49 Chemistry
24:31 Hand Cart
26:32 Murder Holes
26:49 Masonry
27:59 Iron Casting
28:11 Bow Saw
30:02 Chain Mail Armor
31:05 Fortified Wall
36:13 Imperial Age
35:30 Leather Archer Armor
37:08 Bracer
37:39 Ring Archer Armor
37:32 Conscription
40:07 Architecture
44:19 Two-Man Saw
Landlord of Lead
3:43 Loom
12:42 Feudal Age
13:21 Man-at-Arms
13:47 Arson
15:14 Double-Bit Axe
17:07 Horse Collar
18:25 Gold Mining
18:51 Scale Mail Armor
18:59 Scale Mail Armor
21:52 Castle Age
21:23 Forging
21:24 Scale Barding Armor
22:23 Pikeman
22:33 Long Swordsman
23:17 Squires
23:50 Heavy Plow
24:37 Fletching
24:55 Gambesons
26:24 Bow Saw
26:54 Gold Shaft Mining
27:25 Chain Barding Armor
34:28 Chain Mail Armor
37:08 Iron Casting
36:25 Fletching
39:25 Treadmill Crane
40:02 Masonry
39:49 Murder Holes
40:15 Ballistics
40:06 Fortified Wall
ayon
0:33 Loom
11:09 Feudal Age
12:57 Double-Bit Axe
19:33 Castle Age
22:59 Wheelbarrow
22:10 Town Watch
23:49 Husbandry
30:00 Imperial Age
29:46 Gold Mining
29:47 Stone Mining
31:43 Chemistry
30:53 Heated Shot
32:39 Pikeman
34:56 Scale Mail Armor
35:03 Scale Barding Armor
35:43 Forging
35:56 Ballistics
35:27 Cavalier
38:42 Siege Engineers
39:02 Chain Barding Armor
38:58 Chain Mail Armor
39:18 Iron Casting
38:15 Halberdier
39:27 Bow Saw
41:50 Two-Man Saw
42:51 Plate Mail Armor
43:23 Blast Furnace
Luca Brazi
0:39 Loom
11:52 Feudal Age
16:57 Castle Age
15:12 Double-Bit Axe
15:10 Horse Collar
18:16 Wheelbarrow
19:58 Bow Saw
23:00 Stone Mining
24:13 Heavy Plow
24:23 Fletching
26:12 Gold Mining
27:21 Stone Shaft Mining
28:57 Forging
28:48 Scale Mail Armor
28:43 Bodkin Arrow
29:15 Pikeman
29:56 Squires
30:18 Hand Cart
31:09 Gold Shaft Mining
34:22 Imperial Age
34:23 Halberdier
35:25 Conscription
36:30 Iron Casting
36:10 Chain Mail Armor
38:13 Plate Mail Armor
38:43 Blast Furnace
39:23 Ballistics
40:04 Chemistry
39:12 Siege Engineers
41:22 Crop Rotation
40:52 Onager
44:53 Siege Onager
46:05 Murder Holes
46:22 Masonry
Bart
0:27 Loom
11:38 Feudal Age
16:47 Castle Age
16:00 Horse Collar
16:06 Double-Bit Axe
18:43 Heavy Plow
22:29 Stone Mining
22:54 Bow Saw
23:33 Stone Mining
23:44 Gold Mining
25:01 Wheelbarrow
25:08 Fletching
25:30 Bodkin Arrow
26:32 Gold Shaft Mining
26:31 Scale Mail Armor
26:19 Pikeman
27:32 Champi Runner
28:12 Squires
27:58 Arson
28:38 Champi Warrior
29:24 Town Watch
30:28 Chain Mail Armor
31:30 Hand Cart
32:22 Forging
36:43 Imperial Age
34:39 Thumb Ring
35:37 Iron Casting
35:03 Padded Archer Armor
35:32 Town Patrol
35:06 Elite Skirmisher
36:47 Leather Archer Armor
37:07 Elite Champi Warrior
38:18 Bracer
38:42 Conscription
40:08 Ring Archer Armor
40:15 Halberdier
42:54 Blast Furnace
42:25 Plate Mail Armor
43:28 Hoardings
42:57 Andean Sling
Ulises
5:12 Loom
11:15 Feudal Age
13:18 Wheelbarrow
13:02 Double-Bit Axe
13:00 Horse Collar
19:48 Castle Age
18:43 Gold Mining
18:45 Stone Mining
20:36 Bloodlines
20:34 Scale Barding Armor
20:40 Forging
21:40 Husbandry
22:58 Bow Saw
22:50 Heavy Plow
25:15 Chain Barding Armor
25:32 Iron Casting
30:10 Hand Cart
33:50 Imperial Age
31:52 Ballistics
31:28 Murder Holes
31:27 Fletching
33:13 Gold Shaft Mining
34:54 Conscription
35:02 Conscription
35:34 Crop Rotation
36:19 Plate Barding Armor
36:45 Blast Furnace
35:08 Cavalier
37:14 Chemistry
36:36 Bodkin Arrow
38:23 Town Watch
39:51 Bracer
39:54 Town Patrol
40:03 Siege Engineers
41:03 Masonry
44:11 Treadmill Crane
Silver
2:20 Loom
10:44 Feudal Age
11:59 Double-Bit Axe
11:58 Horse Collar
13:19 Wheelbarrow
16:12 Stone Mining
19:35 Castle Age
18:28 Forging
18:24 Scale Mail Armor
18:55 Gold Mining
21:07 Bow Saw
21:48 Heavy Plow
22:16 Man-at-Arms
23:03 Gambesons
23:07 Arson
23:31 Squires
25:19 Hand Cart
26:36 Treadmill Crane
26:54 Murder Holes
27:20 Ballistics
28:52 Iron Casting
28:33 Chain Mail Armor
31:42 Imperial Age
29:50 Chain Mail Armor
29:03 Pikeman
31:27 Caravan
33:46 Two-Man Saw
33:30 Gold Shaft Mining
34:14 Conscription
34:21 Kataparuto
33:54 Halberdier
36:39 Plate Mail Armor
37:09 Blast Furnace
36:51 Fortified Wall
37:45 Chemistry
36:56 Fortified Wall
36:59 Elite Samurai
39:43 Capped Ram
41:53 Long Swordsman
Connection lost

Rejoining the realm…

Still unreachable

The connection could not be restored.

Session expired

The server has moved on; the page needs a fresh start.